AoeStats
← iAlejandrouae

Arena

508796846Analyzed
4v4 RM · 7d ago on Sep 24, 2026· 32m 36s· 8 players
Game mode
Random Map
Map size
Large (8 player)
Population
200
Speed
Normal
Resources
Standard
Victory
Conquest
Starting age
Dark Age
Ending age
Imperial Age
RankedLock teamsTeams togetherTeam positionsShared explorationLock speedFull tech treeHidden civsTurbo modeCheats
Victory
Defeat
🇲🇽 Persians · Mexico
1713
+10
🇨🇴 Teutons · Colombia
1584
+14
🇲🇽 Malay · Mexico
1574
+15
🇨🇴 Britons · Colombia
1562
+15
🇦🇷 Byzantines · Argentina
1610
-16
🇦🇷 Aztecs · Argentina
1600
-15
🇵🇪 Romans · Peru
1515
-12
🇧🇷 Slavs · Brazil
1489
-11
AiM | CyclopsTron
8:24 Feudal Age
8:44 Double-Bit Axe
8:44 Horse Collar
15:59 Castle Age
17:09 Bow Saw
20:36 Wheelbarrow
22:10 Gold Mining
23:51 Loom
27:26 Imperial Age
25:23 Scale Barding Armor
26:11 Gold Shaft Mining
26:13 Town Watch
27:14 Chain Barding Armor
27:36 Heavy Plow
28:18 Bloodlines
28:47 Forging
29:01 Stone Mining
30:04 Hand Cart
30:30 Elite War Elephant
32:03 Husbandry
32:15 Scale Mail Armor
33:25 Iron Casting
AiM | Fubuki Sinri
11:14 Feudal Age
14:32 Castle Age
12:58 Double-Bit Axe
15:45 Horse Collar
21:43 Wheelbarrow
20:57 Loom
20:58 Town Watch
22:15 Bow Saw
22:08 Heavy Plow
23:18 Gold Mining
23:19 Stone Mining
25:26 Hand Cart
28:06 Imperial Age
25:44 Scale Barding Armor
26:28 Gold Shaft Mining
26:28 Stone Shaft Mining
26:25 Forging
26:40 Husbandry
26:53 Elite Battle Elephant
28:47 Crop Rotation
30:20 Iron Casting
30:59 Devotion
31:42 Conscription
31:49 Man-at-Arms
The .Gocho
9:34 Feudal Age
13:43 Castle Age
12:18 Double-Bit Axe
20:44 Wheelbarrow
20:45 Bow Saw
20:17 Horse Collar
21:22 Gold Mining
22:18 Stone Mining
24:53 Hand Cart
24:23 Loom
25:26 Fletching
26:38 Padded Archer Armor
26:34 Bodkin Arrow
27:23 Town Watch
28:16 Pikeman
28:56 Squires
34:45 Imperial Age
33:17 Ironclad
32:36 Man-at-Arms
VZ | Nescar
10:09 Feudal Age
11:28 Town Watch
11:49 Town Watch
14:36 Castle Age
12:37 Double-Bit Axe
15:55 Bow Saw
17:05 Horse Collar
18:33 Fletching
19:40 Bodkin Arrow
29:21 Imperial Age
26:40 Loom
27:08 Padded Archer Armor
29:01 Wheelbarrow
29:35 Ballistics
29:53 Leather Archer Armor
30:24 Bracer
31:33 Chemistry
32:04 Conscription
iAlejandrouae
8:18 Feudal Age
8:45 Loom
8:52 Double-Bit Axe
8:48 Horse Collar
16:30 Castle Age
14:35 Gold Mining
18:05 Wheelbarrow
17:53 Bow Saw
26:29 Scale Barding Armor
26:34 Forging
27:05 Husbandry
28:16 Chain Barding Armor
29:53 Iron Casting
29:53 Scale Mail Armor
29:31 Pikeman
PoopMaster
2:10 Loom
11:15 Feudal Age
15:51 Castle Age
16:57 Double-Bit Axe
16:54 Horse Collar
24:32 Wheelbarrow
24:30 Loom
25:06 Bow Saw
24:59 Heavy Plow
26:35 Scale Mail Armor
27:06 Pikeman
29:43 Hand Cart
31:48 Detinets
3Dominik
10:34 Feudal Age
14:44 Castle Age
12:44 Double-Bit Axe
13:32 Horse Collar
16:42 Bow Saw
23:53 Wheelbarrow
25:29 Stone Mining
25:32 Gold Mining
26:11 Forging
26:42 Hand Cart
26:13 Loom
26:14 Town Watch
30:26 Imperial Age
28:09 Heavy Plow
28:13 Scale Mail Armor
27:57 Pikeman
28:38 Squires
30:06 Chain Mail Armor
30:26 Iron Casting
30:51 Halberdier
32:09 Conscription
31:14 Capped Ram
31:21 Capped Ram
EL_REY_TUT
11:46 Feudal Age
12:59 Double-Bit Axe
15:43 Castle Age
14:20 Double-Bit Axe
14:18 Horse Collar
16:41 Bow Saw
20:48 Squires
23:00 Scale Mail Armor
22:49 Arson
24:24 Chain Mail Armor
28:59 Forging
Connection lost

Rejoining the realm…

Still unreachable

The connection could not be restored.

Session expired

The server has moved on; the page needs a fresh start.